 Dungeon Sprint DCSS version 0.03.2.1-65-gee0f953b08 (webtiles) character file.

Game seed: 3393782604819502561, levelgen mode: deterministic

6187010 esc the Merry Centaur (level 27, 200/268 (273) HPs) Centaur Hunter. Began on Feb 10, 2021. Was the Champion of Fedhas Madash. Escaped with the Orb! The game lasted 01:31:39 (8372 turns).

esc the Merry Centaur (Centaur Hunter)              Turns: 8372, Time: 01:31:39

HP:   200/268 (273) AC: 62    Str: 43    XL:     27
MP:   58/62         EV: 23    Int:  3    God:    Fedhas Madash [6* [198]]
Gold: 17873         SH:  0    Dex: 18    Spells: 70/70 levels left

rFire    + + +     Vision   x   t - +9 longbow (velocity)
rCold    + + .     Gourm    .   (also wielding the above weapon)
rNeg     . . .     Faith    +   A - +12 gold dragon scales {rF+}
rPois    +         Spirit   .   v - +1 helmet of the Country {rC+ Str+3 Slay+3}
rElec    +         Reflect  .   D - +4 dragonskin cloak
rCorr    .         Harm     .   a - +2 pair of gloves {Str+3}
MR       +++..     NoTele   +   p - +4 centaur barding {Str+3}
Stlth    +.........             u - amulet "Uvett" {Faith rElec rF+}
HPRegen  0.99/turn              B - ring of Cekkeimu {MR+ MP+9 Str+5, (Curse: *Drain)} (curse)
MPRegen  0.72/turn              J - ring of Xeameq {MP+9 Str+9 Int-5 Stlth+}

@: quad damage, hasted, glowing, very quick
A: large, hooves 3, impaired vision, deformed body, dopey 1, speed 2, low mp 1,
tough skin 3
0: Orb of Zot
}: 10/15 runes: decaying, slimy, elven, silver, golden, icy, demonic, glowing,
dark, gossamer
a: Fungal Bloom, Sunlight, Evolution, Growth, Reproduction, Rain, Renounce
Religion


You escaped.
You worshipped Fedhas Madash.
Fedhas Madash was exalted by your worship.
You were full.

You visited 1 branch You collected 45259 gold pieces.
You spent 27386 gold pieces at shops.

Inventory:

Weapons
 t - a +9 longbow of velocity (weapon)
 G - a +0 triple crossbow
Armour
 a - a +2 pair of gloves of strength (worn)
 p - a +4 centaur barding of strength (worn)
 v - the +1 helmet of the Country (worn) {rC+ Str+3 Slay+3}
   (You bought it in a shop in the Dungeon)

   It affects your strength (+3).
   It affects your accuracy and damage with ranged weapons and melee attacks
   (+3).
   It protects you from cold.
 A - +12 gold dragon scales of fire resistance (worn)
 D - the +4 dragonskin cloak (worn)
   (You took it off Livarra in the Dungeon)
Jewellery
 u - the amulet "Uvett" (around neck) {Faith rElec rF+}
   (You bought it in a shop in the Dungeon)

   [amulet of faith]

   It allows you to gain divine favour quickly.
   It protects you from fire.
   It insulates you from electricity.
 B - the cursed ring of Cekkeimu (left hand) {MR+ MP+9 Str+5, (Curse: *Drain)}
   (You bought it in a shop in the Dungeon)

   [ring of strength]

   It affects your strength (+5).
   It affects your resistance to hostile enchantments.
   It affects your magic capacity (+9).
   It has a curse placed upon it.
   { (Curse: *Drain)}
 J - the ring of Xeameq (right hand) {MP+9 Str+9 Int-5 Stlth+}
   (You bought it in a shop in the Dungeon)

   [ring of magical power]

   It affects your strength (+9).
   It affects your intelligence (-5).
   It affects your magic capacity (+9).
   It makes you more stealthy.
Wands
 b - a wand of flame (5)
 k - a wand of acid (5)
 l - a wand of iceblast (5)
 q - a wand of ensnaring (27)
 r - a wand of healing (5)
 w - a wand of clouds (7)
 y - a wand of scattershot (4)
 O - a wand of polymorph (1)
Scrolls
 j - 28 scrolls of blinking
 m - 25 scrolls of fog
 C - 6 scrolls of silence
 H - 6 scrolls of vulnerability
Potions
 c - 12 potions of mutation
 e - 23 potions of curing
 f - 49 potions of heal wounds
 g - 36 potions of haste
 h - 2 potions of magic
 i - a potion of berserk rage
 n - 26 potions of resistance
 o - a potion of ambrosia
 z - 14 potions of might
 E - 12 potions of agility
Miscellaneous
 s - a fan of gales
 x - a quad damage
 F - a phantom mirror
Comestibles
 d - 46 rations


   Skills:
 O Level 27 Fighting
   Level 0.6(0.9) Short Blades
   Level 0.6(0.9) Long Blades
   Level 0.6(0.9) Axes & Hammers
   Level 0.6(0.8) Whips & Flails
   Level 0.6(1.0) Polearms
   Level 0.5(1.0) Maces & Staves
   Level 0.7 Slings
 O Level 27 Bows
 O Level 27 Crossbows
 O Level 27 Armour
 O Level 27 Dodging
 + Level 20.7 Stealth
   Level 0.3 Shields
 O Level 27 Unarmed Combat
 + Level 22.2 Spellcasting
   Level 0.6 Hexes
   Level 0.5 Charms
   Level 0.6 Summonings
   Level 0.6 Necromancy
   Level 0.5 Translocations
   Level 0.6 Transmutations
   Level 0.5 Fire Magic
   Level 0.5 Ice Magic
   Level 0.6 Air Magic
   Level 0.5 Earth Magic
   Level 0.5 Poison Magic
 O Level 27 Invocations
 O Level 27 Evocations


You had 70 spell levels left.
You didn't know any spells.
Your spell library contained the following spells:

 Spells                   Type           Power        Failure   Level  Hunger
 Confusing Touch          Hex            3 (50)       9%          1    None
 Magic Candle             Hex/Fire       3 (90)       9%          1    None
 Poisonous Vapours        Pois/Air       3 (50)       9%          1    None
 Summon Small Mammal      Summ           3 (25)       9%          1    None
 Foxfire                  Fire           3 (25)       10%         1    None
 Infusion                 Chrm           3 (25)       10%         1    None
 Call Imp                 Summ           3 (100)      13%         2    ##.....
 Passwall                 Tmut/Erth      3 (120)      13%         2    ##.....
 Call Canine Familiar     Summ           3 (100)      26%         3    ###....
 Portal Projectile        Chrm/Tloc      3 (50)       28%         3    ###....
 Summon Ice Beast         Ice/Summ       3 (100)      65%         4    ####...
 Methodical Deconstructi  Erth           3 (200)      94%         5    ######.
 Summon Forest            Summ/Erth      3 (200)      94%         5    ######.
 Summon Lightning Spire   Summ/Air       3 (100)      94%         5    ######.
 Iron Shot                Erth           3 (200)      100%        6    #######


Dungeon Overview and Level Annotations

Branches:
Dungeon (1/1)

Altars:
Cheibriados
Dithmenos
Fedhas Madash
Gozag Ym Sagoz
Kikubaaqudgha
Makhleb
Okawaru
Qazlal
Ru
Sif Muna
Trog
Uskayaw
Vehumet
Wu Jian
Xom
Yredelemnul
Zin
The Shining One
Beogh
Jiyva
Lugonu

Shops:
D [?*?*:[((!!


Innate Abilities, Weirdness & Mutations

You have hooves in place of feet.
Armour fits poorly on your strangely shaped body.
You cover ground very quickly.
You have extremely tough skin. (AC +3)
Your poor vision makes scrolls take longer to read and aiming more difficult.
You are dopey. (Int -2)
Your magical capacity is low. (-10% MP)


Message History

YOU ARE ENGULFED IN BLAZING FLAMES (1).
YOU RESIST.
W - A WAND OF CLOUDS (7); I - A POTION OF EXPERIENCE YOU PICK UP THE DEMONIC RUNE AND FEEL ITS POWER.
YOU NOW HAVE 10 RUNES.
PRESS } TO SEE ALL THE RUNES YOU HAVE COLLECTED.
YOU NOW HAVE 17873 GOLD PIECES (GAINED 2100).
YOU ARE ENGULFED IN BLAZING FLAMES (0).
YOU RESIST.
A FLOOD OF MEMORIES WASHES OVER YOU.
YOU ARE ENGULFED IN BLAZING FLAMES (1).
YOU RESIST.
YOU ARE ENGULFED IN BLAZING FLAMES (0).
YOU RESIST.
THERE IS A STAIRCASE LEADING OUT OF THE DUNGEON HERE.
ITEMS HERE: " ))))))))))))))) = [[[[[[[[[[[[[[[[[[[[[[[[[[[[[[[[ ] ARE YOU SURE YOU WANT TO LEAVE THE DUNGEON?
THIS WILL MAKE YOU LOSE THE GAME!
ALRIGHT, THEN STAY!
YOU PICK UP THE ORB OF ZOT!
THE ORB LETS OUT A HIDEOUS SHRIEK!
THE LORDS OF PANDEMONIUM ARE NOT AMUSED.
BEWARE!
NOW ALL YOU HAVE TO DO IS GET BACK OUT OF THE DUNGEON!
YOU ARE ENGULFED IN BLAZING FLAMES (0).
YOU RESIST.
YOU ARE ENGULFED IN BLAZING FLAMES (0).
YOU RESIST.
YOU HAVE ESCAPED!

#_.≈≈≈≈≈._# ###..≈≈.≈≈..###
#⌠.†.÷≈≈≈≈.†.⌠#
######÷8..≈≈≈≈≈.÷8.######
##∩__.....†÷###††....___∩##
###∩........8†# #†8†.......∩###
##...........††###.÷...........##
#⌠..........##°...###........†.⌠#
#⌠..........###.@.# #..........⌠#
#⌠..........###°°.###..........⌠#
##...........°.##°≈............##
###∩........8°# #.8........∩###
###_._......###......___∩##
#####.8.........8.######
#⌠...........⌠# ###.........###
#_...†..._#


There were no monsters in sight!

Vanquished Creatures
  Khufu (D)
  Gloorx Vloq (D)
  Mennas (D)
  Mnoleg (D)
  Livarra (D)
  4 ancient liches (D)
  An orb of fire (D)
  2 Killer Klowns (D)
  5 golden dragons (D)
  Fannar (D)
  8 curse toes (D)
  6 pearl dragons (D)
  7 liches (D)
  A Tzitzimitl (D)
  4 Ice Fiends (D)
  Nellie (D)
  5 pandemonium lords (D)
  6 quicksilver dragons (D)
  5 iron giants (D)
  15 hellephants (D)
  10 Executioners (D)
  2 shadow dragons (D)
  3 acid blobs (D)
  7 storm dragons (D)
  11 iron dragons (D)
  3 daevas (D)
  4 angels (D)
  A ghost moth (D)
  the Lernaean hydra (D)
  A curse skull (D)
  7 draconian annihilators (D)
  6 Orb Guardians (D)
  3 ophanim (D)
  A gibbering mound (D)
  8 ghouls (D)
  6 azure jellies (D)
  2 fire dragons (D)
  A jumping spider (D)
  12 blizzard demons (D)
  5 ice dragons (D)
  A deep elf death mage (D)
  2 sphinx moths (D)
  13 spriggan air magi (D)
  A death knight (D)
  4 great orbs of eyes (D)
  2 spriggan berserkers (D)
  2 iron elementals (D)
  A deep elf knight (D)
  3 stone giants (D)
  3 apis (D)
  2 spriggan defenders (D)
  A swooping magpie (shapeshifter) (D)
  A shadow demon (D)
  9 skeletal warriors (D)
  2 cherubim (D)
  44 fire crabs (D)
  An iron golem (D)
  A swamp dragon (D)
  4 dancing weapons (D)
  2 hydras (D)
  A deep elf archer (D)
  4 spriggan druids (D)
  8 death drakes (D)
  A flayed ghost (D)
  A shadow wraith (D)
  4 deep trolls (D)
  4 spriggans (D)
  4 shining eyes (D)
  An orb spider (D)
  2 moths of wrath (D)
  5 deep elf magi (D)
  A rust devil (D)
  2 eyes of devastation (D)
  An ice devil (D)
  5 trolls (D)
  A rime drake (D)
  2 ectoplasmic emanations (D)
  4 bog bodies (D)
  A wind drake (D)
  4 hornets (D)
  A steam dragon (D)
  Sigmund (D)
  39 neqoxecs (D)
  4 water elementals (D)
  Menkaure (D)
  A slime creature (D)
  A tarantella (D)
  4 golden eyes (D)
  A hungry ghost (D)
  3 guardian mummies (D)
  4 insubstantial wisps (D)
  8 necrophages (D)
  2 floating eyes (D)
  An ice beast (D)
  4 sky beasts (D)
  Ijyb (D)
  An eye of draining (D)
  A big kobold (D)
  A bullfrog (D)
  Jessica (D)
  4 mummies (D)
  2 lightning spires (D)
  3 ogre simulacra (D)
  A shadow imp (D)
  A sewer rat (D)
  13 ball lightnings (D)
  A ball python (D)
  A goblin (D)
  A hobgoblin (D)
  A kobold (D)
  A bat zombie (D)
  3 fire vortices (D)
  3 giant blowflies (D)
440 creatures vanquished.

Vanquished Creatures (collateral kills)
  Antaeus (D)
  An ancient lich (D)
  A curse toe (D)
  A golden dragon (D)
  6 liches (D)
  3 titans (D)
  2 quicksilver dragons (D)
  2 iron dragons (D)
  A curse skull (D)
  3 Orb Guardians (D)
  A draconian annihilator (D)
  3 blizzard demons (D)
  4 spriggan air magi (D)
  7 skeletal warriors (D)
  4 fire crabs (D)
  A spriggan druid (D)
  A spiny frog (D)
  3 ice devils (D)
  A wind drake (D)
  2 sky beasts (D)
  An adder zombie (D)
49 creatures vanquished.

Vanquished Creatures (others)
  A shambling mangrove (D)
  A hornet (D)
  A giant blowfly (D)
  6 oklob plants (D)
  6 plants (D)
15 creatures vanquished.

Grand Total: 504 creatures vanquished

Notes
Turn   | Place    | Note
-------+----------+-------------------------------------------
     0 | D        | esc the Centaur Hunter began the quest for the Orb.
     0 | D        | Reached XP level 1. HP: 17/17 MP: 1/1
     1 | D        | Found a roughly hewn altar of Beogh.
     2 | D        | Found an ancient bone altar of Kikubaaqudgha.
     3 | D        | Found a corrupted altar of Lugonu.
     3 | D        | Found a radiant altar of Vehumet.
     4 | D        | Found a glowing silver altar of Zin.
     4 | D        | Found a glowing golden altar of the Shining One.
     4 | D        | Found Culli's Magic Scroll Shop.
     4 | D        | Found Asono's Staff Store.
     5 | D        | Found Kyrphem's Magic Scroll Shop.
     5 | D        | Found Koleeps's Must-Have Magic.
     8 | D        | Round 1.
     9 | D        | Found a bloodstained altar of Trog.
    10 | D        | Found a burning altar of Makhleb.
    11 | D        | Found a hide-covered altar of Uskayaw.
    12 | D        | Found Pemor's Distillery.
    13 | D        | Found Bucah's Distillery.
    13 | D        | Found Ugorink's Bottled Wisdom.
    13 | D        | Found a blossoming altar of Fedhas.
    13 | D        | Found a shadowy altar of Dithmenos.
    13 | D        | Found a basalt altar of Yredelemnul.
    13 | D        | Found Yruwyd's Do-It-Yourself Clinic.
    17 | D        | Found a shimmering altar of Xom.
    21 | D        | Became a worshipper of Fedhas Madash the Flourishing
    23 | D        | Found a sacrificial altar of Ru.
    23 | D        | Noticed Sigmund
    24 | D        | Found an opulent altar of Gozag.
    28 | D        | Killed Sigmund
    28 | D        | Reached skill level 10 in Bows
    28 | D        | Reached XP level 2. HP: 35/35 MP: 2/2
    28 | D        | Reached XP level 3. HP: 40/40 MP: 3/3
    28 | D        | Reached XP level 4. HP: 48/48 MP: 4/4
    28 | D        | Reached XP level 5. HP: 53/53 MP: 5/5
    29 | D        | Found Junkuschu's Weapon Rack.
    30 | D        | Found a stormy altar of Qazlal.
    30 | D        | Found an iron altar of Okawaru.
    30 | D        | Found a viscous altar of Jiyva.
    30 | D        | Found Miam's Premium Goods.
    30 | D        | Found Onym Ucwi's Basic Armour.
    30 | D        | Found Urus's Miscellaneous Merchandise.
    50 | D        | Found a snail-covered altar of Cheibriados.
    52 | D        | Found a shimmering blue altar of Sif Muna.
    54 | D        | Found Jesusouk's Advanced Armour.
    54 | D        | Found Rif Tos's Jewellery.
    54 | D        | Found an ornate altar of the Wu Jian Council.
    54 | D        | Found Usol's Delicious Food.
    83 | D        | Noticed Jessica
    85 | D        | Killed Jessica
   112 | D        | Arena points: 12 (+12) [x2]
   138 | D        | Bought a transparent pewter ring for 45 gold pieces
   138 | D        | Identified the cursed ring of Xiyxzuyh {rN+ Int+3 Dex+2,
                  | (Curse: Stlth-)} (You bought it in a shop in the Dungeon)
   138 | D        | Bought a sparkling bronze ring for 45 gold pieces
   138 | D        | Identified the ring of the Three Shrikes {rPois MR+ Int+2
                  | Stlth-} (You bought it in a shop in the Dungeon)
   138 | D        | Bought a coiled bone amulet for 45 gold pieces
   138 | D        | Identified the amulet of the Lizard {-Vis +Inv} (You bought
                  | it in a shop in the Dungeon)
   140 | D        | Bought a sparkling brass ring for 45 gold pieces
   140 | D        | Identified the cursed ring of Uskayaw's Benevolence
                  | {*Contam rElec MR+ Str+5, (Curse: rC-)} (You bought it in a
                  | shop in the Dungeon)
   218 | D        | Round 2.
   226 | D        | Reached XP level 6. HP: 64/64 MP: 6/6
   328 | D        | Reached * piety under Fedhas Madash
   383 | D        | Reached ** piety under Fedhas Madash
   410 | D        | Noticed Ijyb
   412 | D        | Killed Ijyb
   412 | D        | Arena points: 48 (+36) [x3]
   412 | D        | Reached skill level 10 in Fighting
   480 | D        | Round 3.
   525 | D        | Reached *** piety under Fedhas Madash
   526 | D        | Noticed an insubstantial wisp
   526 | D        | Killed an insubstantial wisp
   526 | D        | Reached skill level 5 in Invocations
   526 | D        | Reached XP level 7. HP: 73/73 MP: 10/10
   549 | D        | Noticed a wind drake
   549 | D        | Noticed a steam dragon
   570 | D        | Killed a steam dragon
   645 | D        | Killed a wind drake
   645 | D        | Arena points: 132 (+84) [x4]
   645 | D        | Reached skill level 15 in Bows
   645 | D        | Reached XP level 8. HP: 12/83 MP: 13/13
   666 | D        | Bought a +0 longbow for 135 gold pieces
   670 | D        | Round 4.
   699 | D        | Reached **** piety under Fedhas Madash
   705 | D        | Noticed Menkaure
   706 | D        | Killed Menkaure
   797 | D        | Arena points: 292 (+160) [x5]
   811 | D        | Bought 2 rations for 40 gold pieces
   811 | D        | Bought 2 rations for 40 gold pieces
   811 | D        | Bought 2 rations for 40 gold pieces
   820 | D        | Round 5.
   821 | D        | Noticed a spiny frog
   825 | D        | Killed a spiny frog
   830 | D        | Noticed the 27-headed Lernaean hydra
   841 | D        | Killed the 27-headed Lernaean hydra
   841 | D        | Arena points: 572 (+280) [x7]
   841 | D        | Reached skill level 10 in Invocations
   841 | D        | Reached XP level 9. HP: 57/93 MP: 1/17
   842 | D        | Got a decaying rune of Zot
   858 | D        | Reached XP level 10. HP: 69/102 MP: 5/18
   870 | D        | Bought a scroll of bless item for 300 gold pieces
   952 | D        | Reached ***** piety under Fedhas Madash
  1039 | D        | Round 6.
  1054 | D        | Reached ****** piety under Fedhas Madash
  1162 | D        | Arena points: 956 (+384) [x8]
  1174 | D        | Bought 2 rations for 40 gold pieces
  1186 | D        | Bought 4 scrolls of enchantment for 300 gold pieces
  1245 | D        | Round 7.
  1439 | D        | Arena points: 1586 (+630) [x9]
  1458 | D        | Bought 4 scrolls of enchantment for 300 gold pieces
  1505 | D        | Round 8.
  1506 | D        | Noticed a seven-headed hydra
  1507 | D        | Noticed a sphinx moth
  1507 | D        | Noticed a sphinx moth
  1507 | D        | Noticed a swamp dragon
  1508 | D        | Noticed a shambling mangrove
  1509 | D        | Killed a seven-headed hydra
  1511 | D        | Killed a sphinx moth
  1511 | D        | Reached skill level 15 in Fighting
  1511 | D        | Reached XP level 11. HP: 112/112 MP: 16/21
  1514 | D        | Killed a sphinx moth
  1515 | D        | Killed a shambling mangrove
  1516 | D        | Killed a swamp dragon
  1517 | D        | Noticed a five-headed hydra
  1518 | D        | Killed a five-headed hydra
  1526 | D        | Noticed a shambling mangrove
  1578 | D        | Arena points: 2226 (+640) [x10]
  1595 | D        | Round 9.
  1694 | D        | Reached skill level 1 in Armour
  1736 | D        | Arena points: 3117 (+891) [x11]
  1758 | D        | Bought a +0 centaur barding for 276 gold pieces
  1782 | D        | Bought a scroll of bless item for 300 gold pieces
  1784 | D        | Bought 4 scrolls of enchantment for 300 gold pieces
  1803 | D        | Round 10.
  1833 | D        | Killed a ghost moth
  1837 | D        | Reached skill level 15 in Invocations
  1838 | D        | Noticed a phase spider
  1842 | D        | Killed a phase spider
  1842 | D        | Arena points: 4287 (+1170) [x13]
  1843 | D        | Got a gossamer rune of Zot
  1845 | D        | Reached skill level 5 in Armour
  1845 | D        | Reached XP level 12. HP: 118/124 MP: 18/23
  2055 | D        | Round 11.
  2073 | D        | Noticed a ghoul
  2075 | D        | Killed a ghoul
  2102 | D        | Noticed a ghoul
  2104 | D        | Killed a ghoul
  2147 | D        | Noticed a ghoul
  2149 | D        | Killed a ghoul
  2151 | D        | Arena points: 5827 (+1540) [x14]
  2151 | D        | Reached XP level 13. HP: 132/132 MP: 23/25
  2174 | D        | Bought a vibrating platinum amulet for 45 gold pieces
  2174 | D        | Identified the cursed amulet "Mix Ulal" {Spirit +Inv rN+
                  | Str-2 Int+4 Dex+3, (Curse: *Corrode)} (You bought it in a
                  | shop in the Dungeon)
  2175 | D        | Bought a fine ivory amulet for 45 gold pieces
  2175 | D        | Identified the amulet "Afu Fa Tape" {Gourm Int+4} (You
                  | bought it in a shop in the Dungeon)
  2176 | D        | Bought a heavily runed sapphire amulet for 45 gold pieces
  2176 | D        | Identified the cursed amulet "Uvett" {Faith rElec rF+,
                  | (Curse: *Drain)} (You bought it in a shop in the Dungeon)
  2183 | D        | Bought a faintly glowing helmet for 332 gold pieces
  2183 | D        | Identified the +1 helmet of the Country {rC+ Str+3 Slay+3}
                  | (You bought it in a shop in the Dungeon)
  2188 | D        | Bought a transparent cloak for 332 gold pieces
  2188 | D        | Identified the +1 cloak of Perfidy {rElec Dex+2 Stlth+}
                  | (You bought it in a shop in the Dungeon)
  2217 | D        | Bought a potion of experience for 300 gold pieces
  2217 | D        | Reached XP level 14. HP: 140/140 MP: 26/26
  2233 | D        | Round 12.
  2422 | D        | Arena points: 7627 (+1800) [x15]
  2428 | D        | Bought a quad damage for 400 gold pieces
  2470 | D        | Round 13.
  2588 | D        | Arena points: 10539 (+2912) [x16]
  2605 | D        | Bought 8 scrolls of enchantment for 600 gold pieces
  2676 | D        | Round 14.
  2752 | D        | Reached skill level 10 in Armour
  2854 | D        | Arena points: 13157 (+2618) [x17]
  2868 | D        | Bought 2 potions of experience for 600 gold pieces
  2868 | D        | Bought a potion of experience for 300 gold pieces
  2868 | D        | Reached XP level 15. HP: 151/151 MP: 28/28
  2869 | D        | Reached XP level 16. HP: 159/159 MP: 29/29
  2870 | D        | Reached XP level 17. HP: 168/168 MP: 30/30
  2911 | D        | Round 15.
  2933 | D        | Noticed Fannar
  2949 | D        | Killed Fannar
  2949 | D        | Arena points: 16292 (+3135) [x19]
  2950 | D        | Got an elven rune of Zot
  2951 | D        | Reached XP level 18. HP: 163/176 MP: 31/31
  2968 | D        | Bought 2 scrolls of bless item for 600 gold pieces
  3135 | D        | Round 16.
  3269 | D        | Noticed a golden dragon
  3274 | D        | Killed a golden dragon
  3279 | D        | Arena points: 20452 (+4160) [x20]
  3298 | D        | Bought 8 scrolls of enchantment for 600 gold pieces
  3352 | D        | Round 17.
  3456 | D        | Arena points: 25450 (+4998) [x21]
  3477 | D        | Bought 4 scrolls of enchantment for 300 gold pieces
  3477 | D        | Bought 2 scrolls of bless item for 600 gold pieces
  3529 | D        | Round 18.
  3533 | D        | Gained mutation: Your magical capacity is low. (-10% MP) [a
                  | neqoxec]
  3551 | D        | Arena points: 30994 (+5544) [x22]
  3580 | D        | Bought a slimy bone ring for 45 gold pieces
  3580 | D        | Identified the cursed ring of the Hart {rElec Int+5 Dex+2,
                  | (Curse: *Slow rF-)} (You bought it in a shop in the
                  | Dungeon)
  3580 | D        | Bought a bound bone ring for 45 gold pieces
  3580 | D        | Identified the cursed ring of Cekkeimu {MR+ MP+9 Str+5,
                  | (Curse: *Drain)} (You bought it in a shop in the Dungeon)
  3580 | D        | Bought a flickering iron ring for 45 gold pieces
  3580 | D        | Identified the ring of Atheism {Fire rPois MR++ Int-3
                  | Dex-4} (You bought it in a shop in the Dungeon)
  3580 | D        | Bought a coiled pewter ring for 45 gold pieces
  3580 | D        | Identified the cursed ring "Vuopp" {rElec rF+ rN+, (Curse:
                  | *Slow Slay-3)} (You bought it in a shop in the Dungeon)
  3580 | D        | Bought a heavily runed ivory ring for 45 gold pieces
  3580 | D        | Identified the cursed ring of Dionabe {Fire Slay+2, (Curse:
                  | *Drain)} (You bought it in a shop in the Dungeon)
  3580 | D        | Bought a warped platinum ring for 45 gold pieces
  3580 | D        | Identified the cursed ring of Elitism {rF++ rC+ Stlth+,
                  | (Curse: *Contam)} (You bought it in a shop in the Dungeon)
  3580 | D        | Bought a smoking wooden ring for 45 gold pieces
  3580 | D        | Identified the ring of Kinly {rPois rF- rN+++ Dex-2 Stlth+}
                  | (You bought it in a shop in the Dungeon)
  3580 | D        | Bought a coiled silver ring for 45 gold pieces
  3580 | D        | Identified the cursed ring "Keosubb" {rC++ rN+ Int+5,
                  | (Curse: rF- MR-)} (You bought it in a shop in the Dungeon)
  3580 | D        | Bought a heavily runed jade ring for 45 gold pieces
  3580 | D        | Identified the cursed ring of Midnight {rPois Str+2 Int+5
                  | Slay-5, (Curse: MR-)} (You bought it in a shop in the
                  | Dungeon)
  3580 | D        | Bought a warped jade ring for 45 gold pieces
  3580 | D        | Identified the ring of Xeameq {MP+9 Str+9 Int-5 Stlth+}
                  | (You bought it in a shop in the Dungeon)
  3602 | D        | Bought a shimmering cloak for 332 gold pieces
  3602 | D        | Identified the +3 cloak of the Mackerel {rPois Int-3 Dex+3}
                  | (You bought it in a shop in the Dungeon)
  3613 | D        | Bought a pair of spiked gloves for 332 gold pieces
  3613 | D        | Identified the cursed -5 pair of gloves of the Evening Star
                  | {-Tele rC++ Regen+ Int+3, (Curse: -Cast rF-)} (You bought
                  | it in a shop in the Dungeon)
  3621 | D        | Round 19.
  3758 | D        | Lost intelligence.
  3758 | D        | Gained mutation: You are dopey. (Int -2) [a shining eye]
  3808 | D        | Arena points: 37549 (+6555) [x23]
  3857 | D        | Round 20.
  3880 | D        | Noticed Mennas
  3886 | D        | Killed Mennas
  3886 | D        | Arena points: 43549 (+6000) [x25]
  3886 | D        | Reached XP level 19. HP: 190/190 MP: 30/30
  3887 | D        | Got a silver rune of Zot
  3888 | D        | Reached XP level 20. HP: 199/199 MP: 31/31
  3904 | D        | Bought 3 potions of experience for 900 gold pieces
  3904 | D        | Bought 3 potions of experience for 900 gold pieces
  3904 | D        | Reached XP level 21. HP: 206/206 MP: 32/32
  3905 | D        | Reached skill level 27 in Bows
  3905 | D        | Reached XP level 22. HP: 215/215 MP: 33/33
  3906 | D        | Reached XP level 23. HP: 222/222 MP: 34/34
  3907 | D        | Reached XP level 24. HP: 231/231 MP: 34/34
  3908 | D        | Reached XP level 25. HP: 238/238 MP: 34/34
  3909 | D        | Reached XP level 26. HP: 246/246 MP: 34/34
  4111 | D        | Round 21.
  4120 | D        | Noticed an ancient lich
  4123 | D        | Killed an ancient lich
  4123 | D        | Reached skill level 15 in Armour
  4230 | D        | Arena points: 50647 (+7098) [x26]
  4299 | D        | Bought 5 potions of heal wounds for 500 gold pieces
  4299 | D        | Bought 5 potions of heal wounds for 500 gold pieces
  4310 | D        | Round 22.
  4431 | D        | Arena points: 60151 (+9504) [x27]
  4437 | D        | Bought 2 rations for 40 gold pieces
  4437 | D        | Bought 2 rations for 40 gold pieces
  4437 | D        | Bought 2 rations for 40 gold pieces
  4437 | D        | Bought 2 rations for 40 gold pieces
  4437 | D        | Bought 2 rations for 40 gold pieces
  4437 | D        | Bought 2 rations for 40 gold pieces
  4437 | D        | Bought 2 rations for 40 gold pieces
  4437 | D        | Bought 2 rations for 40 gold pieces
  4437 | D        | Bought 2 rations for 40 gold pieces
  4437 | D        | Bought 2 rations for 40 gold pieces
  4437 | D        | Bought 2 rations for 40 gold pieces
  4437 | D        | Bought 2 rations for 40 gold pieces
  4437 | D        | Bought 2 rations for 40 gold pieces
  4513 | D        | Round 23.
  4570 | D        | Arena points: 71099 (+10948) [x28]
  4603 | D        | Round 24.
  4736 | D        | Reached skill level 27 in Invocations
  4788 | D        | Arena points: 85715 (+14616) [x29]
  4829 | D        | Round 25.
  4851 | D        | Identified First Steps in the Arcane Arts (You found it in
                  | the Dungeon)
  4851 | D        | Arena points: 97340 (+11625) [x31]
  4852 | D        | Got a slimy rune of Zot
  4853 | D        | Reached skill level 27 in Fighting
  4853 | D        | Reached XP level 27. HP: 273/273 MP: 36/36
  4863 | D        | Bought a quad damage for 400 gold pieces
  4863 | D        | Bought a quad damage for 400 gold pieces
  4863 | D        | Bought 5 potions of haste for 1000 gold pieces
  4863 | D        | Bought 5 potions of haste for 1000 gold pieces
  4863 | D        | Bought a ration for 100 gold pieces
  4864 | D        | Bought 20 rations for 1500 gold pieces
  5050 | D        | Round 26.
  5129 | D        | Gained mutation: Your poor vision makes scrolls take longer
                  | to read and aiming more difficult. [a neqoxec]
  5168 | D        | Reached skill level 5 in Dodging
  5174 | D        | Arena points: 113980 (+16640) [x32]
  5188 | D        | Bought 3 scrolls of silence for 225 gold pieces
  5188 | D        | Bought 5 scrolls of fog for 100 gold pieces
  5188 | D        | Bought 4 scrolls of fog for 80 gold pieces
  5188 | D        | Bought 3 scrolls of fog for 60 gold pieces
  5188 | D        | Bought 5 scrolls of blinking for 375 gold pieces
  5188 | D        | Bought 4 scrolls of blinking for 300 gold pieces
  5188 | D        | Bought 3 scrolls of blinking for 225 gold pieces
  5250 | D        | Round 27.
  5278 | D        | Noticed an ancient lich
  5282 | D        | Killed an ancient lich
  5311 | D        | Reached skill level 10 in Dodging
  5317 | D        | Noticed a Killer Klown
  5317 | D        | Noticed an orb of fire
  5319 | D        | Killed an orb of fire
  5321 | D        | Killed a Killer Klown
  5326 | D        | Found the cursed +4 dragonskin cloak {(Curse: *Corrode)}
  5326 | D        | Noticed Livarra
  5335 | D        | Killed Livarra
  5385 | D        | Arena points: 129127 (+15147) [x33]
  5560 | D        | Round 28.
  5587 | D        | Reached skill level 15 in Dodging
  5620 | D        | Arena points: 149119 (+19992) [x34]
  5634 | D        | Bought a potion of resistance for 70 gold pieces
  5634 | D        | Bought a potion of curing for 21 gold pieces
  5634 | D        | Bought 6 potions of resistance for 420 gold pieces
  5634 | D        | Bought 6 potions of resistance for 420 gold pieces
  5634 | D        | Bought 3 potions of mutation for 168 gold pieces
  5634 | D        | Bought 2 potions of mutation for 112 gold pieces
  5634 | D        | Bought a potion of mutation for 56 gold pieces
  5634 | D        | Bought 6 potions of might for 168 gold pieces
  5634 | D        | Bought 6 potions of agility for 168 gold pieces
  5634 | D        | Bought 5 potions of haste for 350 gold pieces
  5634 | D        | Bought 4 potions of haste for 280 gold pieces
  5634 | D        | Bought 3 potions of haste for 210 gold pieces
  5635 | D        | Bought 3 potions of haste for 210 gold pieces
  5635 | D        | Bought 6 potions of agility for 168 gold pieces
  5664 | D        | Round 29.
  5831 | D        | Arena points: 170434 (+21315) [x35]
  5879 | D        | Round 30.
  5905 | D        | Noticed Gloorx Vloq
  5908 | D        | Killed Gloorx Vloq
  5908 | D        | Arena points: 188194 (+17760) [x37]
  5909 | D        | Got a dark rune of Zot
  6124 | D        | Round 31.
  6225 | D        | Reached skill level 27 in Armour
  6273 | D        | Arena points: 208220 (+20026) [x38]
  6319 | D        | Round 32.
  6329 | D        | Noticed an ancient lich
  6329 | D        | Killed an ancient lich
  6369 | D        | Noticed an ancient lich
  6372 | D        | Killed an ancient lich
  6413 | D        | Reached skill level 27 in Dodging
  6413 | D        | Reached skill level 1 in Evocations
  6437 | D        | Reached skill level 10 in Evocations
  6464 | D        | Arena points: 239420 (+31200) [x39]
  6516 | D        | Round 33.
  6546 | D        | Noticed Antaeus
  6554 | D        | Killed Antaeus
  6554 | D        | Identified the Collected Works on Ashen Enhancements (You
                  | found it in the Dungeon)
  6554 | D        | Arena points: 262421 (+23001) [x41]
  6555 | D        | Got an icy rune of Zot
  6580 | D        | Bought a jewelled hat for 315 gold pieces
  6580 | D        | Identified the +5 hat "Gium" {rPois rCorr Str+4 Dex+3} (You
                  | bought it in a shop in the Dungeon)
  6580 | D        | Bought a pair of heavily runed gloves for 332 gold pieces
  6580 | D        | Identified the +0 pair of gloves "Vyily" {rN+ Dex+2} (You
                  | bought it in a shop in the Dungeon)
  6612 | D        | Bought a phantom mirror for 600 gold pieces
  6620 | D        | Bought a +0 triple crossbow for 300 gold pieces
  6632 | D        | Bought 4 potions of curing for 84 gold pieces
  6632 | D        | Bought 4 potions of curing for 84 gold pieces
  6632 | D        | Bought 4 potions of curing for 84 gold pieces
  6632 | D        | Bought 4 potions of curing for 84 gold pieces
  6632 | D        | Bought 4 potions of curing for 84 gold pieces
  6632 | D        | Bought 3 potions of heal wounds for 105 gold pieces
  6632 | D        | Bought 3 potions of heal wounds for 105 gold pieces
  6632 | D        | Bought 3 potions of heal wounds for 105 gold pieces
  6632 | D        | Bought 3 potions of heal wounds for 105 gold pieces
  6632 | D        | Bought 3 potions of heal wounds for 105 gold pieces
  6632 | D        | Bought 3 potions of heal wounds for 105 gold pieces
  6632 | D        | Bought 3 potions of heal wounds for 105 gold pieces
  6632 | D        | Bought 3 potions of heal wounds for 105 gold pieces
  6632 | D        | Bought 3 potions of heal wounds for 105 gold pieces
  6632 | D        | Bought 3 potions of heal wounds for 105 gold pieces
  6632 | D        | Bought 3 potions of heal wounds for 105 gold pieces
  6632 | D        | Bought 3 potions of heal wounds for 105 gold pieces
  6639 | D        | Bought 6 potions of resistance for 420 gold pieces
  6639 | D        | Bought 6 potions of resistance for 420 gold pieces
  6639 | D        | Bought 3 potions of mutation for 168 gold pieces
  6639 | D        | Bought 2 potions of mutation for 112 gold pieces
  6639 | D        | Bought a potion of mutation for 56 gold pieces
  6639 | D        | Bought 6 potions of might for 168 gold pieces
  6639 | D        | Bought 5 potions of haste for 350 gold pieces
  6639 | D        | Bought 4 potions of haste for 280 gold pieces
  6658 | D        | Bought 5 scrolls of blinking for 375 gold pieces
  6658 | D        | Bought 4 scrolls of blinking for 300 gold pieces
  6658 | D        | Bought 3 scrolls of blinking for 225 gold pieces
  6658 | D        | Bought 3 scrolls of vulnerability for 225 gold pieces
  6658 | D        | Bought 3 scrolls of silence for 225 gold pieces
  6658 | D        | Bought 5 scrolls of fog for 100 gold pieces
  6658 | D        | Bought 4 scrolls of fog for 80 gold pieces
  6658 | D        | Bought 3 scrolls of fog for 60 gold pieces
  6659 | D        | Bought 3 scrolls of vulnerability for 225 gold pieces
  6753 | D        | Round 34.
  6754 | D        | Noticed Nellie
  6758 | D        | Killed Nellie
  6833 | D        | Reached skill level 10 in Crossbows
  6897 | D        | Reached skill level 15 in Crossbows
  6929 | D        | Arena points: 286697 (+24276) [x42]
  6969 | D        | Round 35.
  7102 | D        | Arena points: 313787 (+27090) [x43]
  7184 | D        | Round 36.
  7200 | D        | Noticed Khufu
  7207 | D        | Killed Khufu
  7207 | D        | Arena points: 342947 (+29160) [x45]
  7208 | D        | Got a golden rune of Zot
  7384 | D        | Round 37.
  7506 | D        | Reached skill level 27 in Evocations
  7506 | D        | Reached skill level 1 in Unarmed Combat
  7510 | D        | Reached skill level 1 in Stealth
  7510 | D        | Reached skill level 1 in Spellcasting
  7511 | D        | Arena points: 392305 (+49358) [x46]
  7588 | D        | Round 38.
  7630 | D        | Reached skill level 5 in Unarmed Combat
  7667 | D        | Reached skill level 5 in Spellcasting
  7670 | D        | Reached skill level 5 in Stealth
  7717 | D        | Reached skill level 10 in Unarmed Combat
  7727 | D        | Arena points: 431597 (+39292) [x47]
  7811 | D        | Round 39.
  7811 | D        | Noticed Mnoleg
  7818 | D        | Killed Mnoleg
  7818 | D        | Arena points: 467906 (+36309) [x49]
  7819 | D        | Got a glowing rune of Zot
  7821 | D        | Reached skill level 10 in Spellcasting
  8015 | D        | Round 40.
  8074 | D        | Reached skill level 10 in Stealth
  8165 | D        | Arena points: 521906 (+54000) [x50]
  8203 | D        | Round 41.
  8209 | D        | Reached skill level 15 in Unarmed Combat
  8262 | D        | Arena points: 574181 (+52275) [x51]
  8310 | D        | Round 42.
  8311 | D        | Noticed Udghuimio the pandemonium lord
  8311 | D        | Noticed Ingowuown the pandemonium lord
  8316 | D        | Noticed Tidocoics the pandemonium lord
  8322 | D        | Killed Ingowuown the pandemonium lord
  8322 | D        | Reached skill level 15 in Spellcasting
  8331 | D        | Killed Udghuimio the pandemonium lord
  8334 | D        | Noticed Udghoo Ozedi the pandemonium lord
  8336 | D        | Killed Tidocoics the pandemonium lord
  8340 | D        | Killed Udghoo Ozedi the pandemonium lord
  8340 | D        | Reached skill level 15 in Stealth
  8350 | D        | Noticed Sialov the pandemonium lord
  8354 | D        | Killed Sialov the pandemonium lord
  8358 | D        | Noticed Master Blaster
  8366 | D        | Killed Master Blaster
  8366 | D        | Arena points: 618701 (+44520) [x53]
  8366 | D        | Reached skill level 27 in Crossbows
  8366 | D        | Reached skill level 27 in Unarmed Combat
  8367 | D        | Got a demonic rune of Zot
  8370 | D        | Got the Orb of Zot
  8372 | D        | Escaped with the Orb!

Levels and vault maps discovered:
D:        arena_sprint

Skill      XL: |  1  2  3  4  5  6  7  8  9 10 11 12 13 14 15 16 17 18 19 20 21 22 23 24 25 26 27 |
---------------+----------------------------------------------------------------------------------+-----
Fighting       | 7 9 10 11 13 15 16 17 18 19 21 22 27 | 27.0
Bows           | 10 12 14 15 17 19 20 21 23 24 26 27 | 27.0
Invocations    | 5 7 10 11 13 15 16 18 21 22 27 | 27.0
Armour         | 5 6 7 10 11 14 19 27 | 27.0
Dodging        | 4 27 | 27.0
Evocations     | 27 | 27.0
Crossbows      | 27 | 27.0
Unarmed Combat | 27 | 27.0
Stealth        | 20 | 20.7
Spellcasting   | 22 | 22.2
Short Blades   | |  0.6
Long Blades    | |  0.6
Axes & Hammers | |  0.6
Whips & Flails | |  0.6
Polearms       | |  0.6
Maces & Staves | |  0.5
Slings         | |  0.7
Shields        | |  0.3
Hexes          | |  0.6
Charms         | |  0.5
Summonings     | |  0.6
Necromancy     | |  0.6
Translocations | |  0.5
Transmutations | |  0.6
Fire Magic     | |  0.5
Ice Magic      | |  0.5
Air Magic      | |  0.6
Earth Magic    | |  0.5
Poison Magic   | |  0.5

Action                   |  1- 3 |  4- 6 |  7- 9 | 10-12 | 13-15 | 16-18 | 19-21 | 22-24 | 25-27 || total
-------------------------+-------+-------+-------+-------+-------+-------+-------+-------+-------++-------
 Fire: Shortbow          |     4 |    16 |    49 |       |       |       |       |       |       ||    69
       Longbow           |       |       |    15 |    71 |    53 |    96 |       |       |   626 ||   861
Invok: Evolution         |       |       |     4 |     8 |       |       |       |       |    40 ||    52
       Growth            |       |       |     1 |     1 |       |       |       |       |    14 ||    16
       Rain              |       |       |       |     1 |       |       |       |       |     1 ||     2
       Sunlight          |       |       |       |       |       |       |       |       |     1 ||     1
Evoke: Quad damage       |       |       |       |       |       |       |       |       |     2 ||     2
  Use: Potion            |       |       |     2 |     1 |     3 |     2 |     3 |     3 |     9 ||    23
       Scroll            |       |       |       |    15 |     8 |    15 |       |       |     2 ||    40
  Eat: Ration            |       |       |       |     2 |       |     1 |       |       |     7 ||    10
Armor: Skin              |       |     1 |       |       |       |       |       |       |       ||     1
       Robe              |       |       |     2 |       |       |       |       |       |       ||     2
       Swamp dragon scal |       |       |       |     2 |       |       |       |       |       ||     2
       Gold dragon scale |       |       |       |       |       |       |       |       |    73 ||    73
Dodge: Dodged            |       |       |     2 |       |       |       |       |       |    16 ||    18
